 Dungeon Crawl Stone Soup version 0.31-a0-198-g2ad674f65e (webtiles) character file.

Game seed: 4225006715102979568

130 qw the Skirmisher (level 4, 0/25 HPs)
             Began as a Deep Elf Hunter on June 25, 2023.
             Slain by an orc wizard
             ... wielding a +0 dagger
              (3 damage)
             ... on level 3 of the Dungeon.
             The game lasted 00:00:41 (1269 turns).

qw the Skirmisher (Deep Elf Hunter)                 Turns: 1269, Time: 00:00:41

Health: 0/25       AC:  7    Str: 10    XL:     4   Next: 89%
Magic:  6/6        EV:  9    Int: 14    God:
Gold:   98         SH:  5    Dex: 18    Spells: 3/3 levels left

rFire   + . .        Y - +0 shortbow
rCold   . . .        (shield currently unavailable)
rNeg    . . .        b - +0 scale mail
rPois   .            (no helmet)
rElec   .            (no cloak)
rCorr   .            g - +0 pair of gloves
SInv    .            (no boots)
Will    .....        h - amulet of reflection
Stlth   +            e - ring of protection from fire
HPRegen 0.24/turn    (no ring)
MPRegen 0.10/turn

%: reflection
@: no status effects
A: no striking features
a: no special abilities


You were on level 3 of the Dungeon.
You visited 1 branch of the dungeon, and saw 3 of its levels.

You collected 98 gold pieces.


   Skills:
 - Level 1.5 Fighting
 + Level 8.3 Ranged Weapons
 - Level 2.4 Dodging
 - Level 1.2 Stealth


You had 3 spell levels left.
You didn't know any spells.
Your spell library was empty.

Inventory:

Hand Weapons
 Y - a +0 shortbow (weapon)
Armour
 b - a +0 scale mail (worn)
 g - a +0 pair of gloves (worn)
Jewellery
 e - a ring of protection from fire (left hand)
 h - an amulet of reflection (around neck)
Potions
 a - a potion of curing {unknown}
 d - a potion of haste {unknown}
 f - a potion of degeneration {unknown}
 i - a potion of heal wounds {unknown}
 k - a potion of resistance {unknown}
 l - a potion of might {unknown}

Dungeon Overview and Level Annotations

Branches:
Dungeon (3/15)

Altars:


Message History

The quokka is heavily wounded.
The quokka closely misses you. You block the quokka's attack.
You shoot an arrow. The arrow hits the quokka!
You kill the quokka!
You shoot an arrow. The arrow hits the orc!
You kill the orc!
You shoot an arrow. The arrow hits the giant cockroach.
The giant cockroach is severely wounded.
The giant cockroach closely misses you. Something hits you but does no damage.
You shoot an arrow. The arrow hits the giant cockroach.
You kill the giant cockroach!
Something hits you. Something hits you but does no damage.
You shoot an arrow. The arrow hits the orc!
You kill the orc!
Something hits you but does no damage.
You hear some strange, mumbled words.
Something tries to affect you, but you resist.
Your Ranged Weapons skill increases to level 8!
You shoot an arrow. Something hits you. x2
You shoot an arrow. The arrow closely misses the orc. x2
Something hits you. Something hits you but does no damage.
Something hits you. x2
You shoot an arrow.
Something hits you but does no damage. x2
You shoot an arrow.
The arrow hits the orc but does no damage.
You hear some strange, mumbled words.
A magic dart appears from out of thin air!
The magic dart hits you. Something hits you.
You shoot an arrow.
Reactivating autopickup.
You feel a bit more experienced. Something hits you.
Deactivating autopickup; reactivate with Ctrl-A.
You shoot an arrow. The arrow barely misses the orc. x2
The arrow hits the dart slug.
The dart slug is moderately wounded.
The orc closely misses you. Something hits you but does no damage.
Something hits you.
You die...

... ....
#.... .....
...>.. #
###o.....
#.#@oow)...
#..{##.....
......%##
... ####...
. #..# ###


You could see a dart slug and 3 orcs.

Vanquished Creatures
  Terence (D:2)
  An orc wizard (D:3)
  An adder (D:2)
  4 dart slugs
  5 orcs (D:3)
  5 ball pythons
  4 endoplasms
  4 giant cockroaches
  8 goblins
  2 hobgoblins
  6 kobolds
  5 quokkas
  3 frilled lizards
  6 rats
55 creatures vanquished.

Notes
Turn   | Place    | Note
-------+----------+-------------------------------------------
     0 | D:1      | qw the Deep Elf Hunter began the quest for the Orb.
     0 | D:1      | Reached XP level 1. HP: 12/12 MP: 3/3
     0 | D:1      | 0 ||| qw: Version: 0.3-a-22-g0ed2b0b
     0 | D:1      | 0 ||| qw: Game counter: 5368
     0 | D:1      | 0 ||| qw: Melee chars always use a shield: true
     0 | D:1      | 0 ||| qw: God list: Okawaru
     0 | D:1      | 0 ||| qw: Allow faded altars: false
     0 | D:1      | 0 ||| qw: Do Orc after clearing Dungeon:15 true
     0 | D:1      | 0 ||| qw: Do second Lair branch before Depths: true
     0 | D:1      | 0 ||| qw: Lair rune preference: random
     0 | D:1      | 0 ||| qw: Goals: Normal
     0 | D:1      | 0 ||| PLANNING D:1-11
    92 | D:1      | 92 ||| FLEEEEING.
    96 | D:1      | 96 ||| FLEEEEING.
    97 | D:1      | 97 ||| FLEEEEING.
    98 | D:1      | 98 ||| FLEEEEING.
    99 | D:1      | 99 ||| FLEEEEING.
   100 | D:1      | 100 ||| FLEEEEING.
   101 | D:1      | 101 ||| FLEEEEING.
   102 | D:1      | 102 ||| FLEEEEING.
   103 | D:1      | 103 ||| FLEEEEING.
   104 | D:1      | 104 ||| FLEEEEING.
   105 | D:1      | 105 ||| FLEEEEING.
   106 | D:1      | 106 ||| FLEEEEING.
   125 | D:1      | Reached XP level 2. HP: 16/16 MP: 4/4
   143 | D:1      | Reached skill level 6 in Ranged Weapons
   149 | D:1      | Found a faded altar of an unknown god.
   746 | D:1      | 746 ||| UPGRADING to ring of protection from fire.
   747 | D:1      | 747 ||| READING scroll labelled DUPSIKHL LUIHO.
   776 | D:1      | 776 ||| READING scroll labelled XIHIVV IREE.
   781 | D:1      | 781 ||| READING scroll labelled IDYLESU DEQYPI.
   782 | D:1      | 782 ||| READING scroll labelled TEOBBU ANGOAN.
   783 | D:1      | 783 ||| DROPPING scroll of butterflies.
   797 | D:2      | Reached XP level 3. HP: 20/20 MP: 5/5
   863 | D:2      | Noticed Terence
   870 | D:2      | Killed Terence
   871 | D:2      | Reached skill level 7 in Ranged Weapons
   936 | D:2      | Reached XP level 4. HP: 25/25 MP: 6/6
  1194 | D:2      | 1194 ||| UPGRADING to +0 scale mail.
  1204 | D:2      | 1204 ||| DROPPING +0 leather armour.
  1205 | D:2      | 1205 ||| UPGRADING to +0 pair of gloves.
  1210 | D:2      | 1210 ||| UPGRADING to amulet of reflection.
  1215 | D:2      | 1215 ||| READING scroll labelled WAKYKH GOFUZ.
  1264 | D:3      | Reached skill level 8 in Ranged Weapons
  1267 | D:3      | HP: 6/25 [something (2)]
  1268 | D:3      | HP: 2/25 [something (4)]
  1269 | D:3      | Slain by an orc wizard

Levels and vault maps discovered:
D:1:      dpeg_arrival_concentric_ovals, layout_basic,
          chequers_ecumenical_altar_island
D:2:      layout_rooms, chequers_serial_rivers_micro_e, uniq_terence
D:3:      layout_rooms, mainiacjoe_overflow_alcove_3, uniq_natasha

Skill      XL: |  1  2  3  4 |
---------------+-------------+-----
Ranged Weapons | 6 7 8 |  8.3
Fighting       | |  1.5
Dodging        | |  2.4
Stealth        | |  1.2

Action                     |  1- 3 |  4- 6 || total
---------------------------+-------+-------++-------
   Fire: Shortbow          |   105 |    45 ||   150
    Use: Scroll            |     4 |     1 ||     5
 Armour: Leather armour    |     7 |     2 ||     9
         Scale mail        |       |    19 ||    19
  Dodge: Dodged            |    16 |    19 ||    35
  Block: Other             |       |     3 ||     3

Table legend:
 A = Non-vault XP
 B = Vault XP
 C = Vault XP percentage of total XP
 D = Non-vault monster count
 E = Vault monster count
 F = Vault count percentage of total count
                 A         B        C        D         E       F
            +---------+---------+-------+---------+---------+-------
      Total |     150 |      36 |  19.4 |      54 |       1 |   1.8
            +---------+---------+-------+---------+---------+-------
        D:1 |      39 |       0 |   0.0 |      22 |       0 |   0.0
        D:2 |      53 |      36 |  40.4 |      21 |       1 |   4.5
        D:3 |      58 |       0 |   0.0 |      11 |       0 |   0.0
            +---------+---------+-------+---------+---------+-------
